 Dungeon Crawl Stone Soup version 0.29.1-15-g9cfb28693d (webtiles) character file.

Game seed: 3886093090705281305

57962 Jase the Impaler (level 14, -3/109 HPs)
             Began as a Merfolk Gladiator on Mar 2, 2023.
             Was the Champion of Nemelex Xobeh.
             Slain by a bunyip (shapeshifter) (26 damage)
             ... on level 11 of the Dungeon on Mar 18, 2023.
             The game lasted 01:44:56 (25689 turns).

Jase the Impaler (Merfolk Gladiator)               Turns: 25689, Time: 01:44:57

Health: -3/109     AC: 17    Str: 14    XL:     14   Next: 88%
Magic:  26/26      EV: 22    Int: 11    God:    Nemelex Xobeh [******]
Gold:   962        SH:  5    Dex: 17    Spells: 13/13 levels left

rFire   . . .      SeeInvis .   b - +3 trident (protect)
rCold   . . .      Faith    .   (no shield)
rNeg    . . .      Spirit   .   B - +0 ring mail {rPois}
rPois   +          Reflect  +   y - +0 helmet
rElec   .          Harm     .   v - +0 cloak
rCorr   .          Rampage  .   D - +0 pair of gloves
Will    ++...                   E - +1 pair of boots
Stlth   +.........              x - amulet of reflection
HPRegen 0.28/turn               S - ring of willpower
MPRegen 0.20/turn               h - +4 ring of evasion

@: under a protective aura
A: (nimble swimmer 2), mertail
a: Renounce Religion, Draw Escape, Draw Destruction, Draw Summoning, Triple
Draw, Deal Four, Stack Five


You were on level 11 of the Dungeon.
You worshipped Nemelex Xobeh.
Nemelex Xobeh was exalted by your worship.
You visited 2 branches of the dungeon, and saw 16 of its levels.
You also visited: Bailey.

You collected 1142 gold pieces.
You spent 180 gold pieces at shops.

Inventory:

Hand Weapons
 a - a +1 glaive of flaming
 b - a +3 trident of protection (weapon)
 I - a +0 bardiche
Missiles
 d - 9 throwing nets
 e - 14 javelins
 n - 3 curare-tipped darts
 G - 11 atropa-tipped darts
 P - 7 boomerangs (quivered)
Armour
 v - a +0 cloak (worn)
 y - a +0 helmet (worn)
 B - a +0 ring mail of poison resistance (worn)
 D - a +0 pair of gloves (worn)
 E - a +1 pair of boots (worn)
 K - a +2 scale mail of cold resistance
 Z - the +3 leather armour of Wonoroj {Rampage}
   (You found it on level 2 of the Lair of Beasts)

   Rampage:   It bestows one free step when moving towards enemies.
Jewellery
 c - an amulet of regeneration
 h - a +4 ring of evasion (right hand)
 w - a ring of see invisible
 x - an amulet of reflection (around neck)
 S - a ring of willpower (left hand)
 X - a ring of resist corrosion
Wands
 H - a wand of paralysis (17)
 L - a wand of iceblast (19)
 U - a wand of mindburst (9)
 V - a wand of flame (3)
 Y - a wand of polymorph (4)
Scrolls
 f - a scroll of silence {unknown}
 m - a scroll of fog {unknown}
 p - a scroll of poison {unknown}
 q - 2 scrolls of enchant weapon
 s - a scroll of amnesia
 A - 4 scrolls of enchant armour
 F - 2 scrolls of blinking {unknown}
 O - 2 scrolls of vulnerability {unknown}
 Q - 2 scrolls of magic mapping {unknown}
 T - a scroll of acquirement {unknown}
 W - 5 scrolls of teleportation
Potions
 g - a potion of invisibility
 i - 3 potions of magic
 j - 2 potions of brilliance
 k - 4 potions of heal wounds
 l - 7 potions of mutation
 o - 7 potions of lignification
 r - 9 potions of curing
 t - 3 potions of might
 u - a potion of ambrosia
 z - 7 potions of haste
 C - a potion of flight
 J - 2 potions of berserk rage
 R - a potion of cancellation {unknown}
Miscellaneous
 M - a condenser vane
 N - a phantom mirror


   Skills:
 + Level 9.9 Fighting
 * Level 20.7 Polearms
 - Level 2.0 Throwing
 + Level 13.7 Dodging
 + Level 16.3 Invocations


You had 13 spell levels left.
You didn't know any spells.
Your spell library contained the following spells:

 Spells                   Type           Power      Damage    Failure   Level
 Sandblast                Erth           0%         2d4       58%         1
 Passwall                 Tmut/Erth      0%         N/A       73%         2
 Scorch                   Fire           0%         2d5       73%         2
 Sublimation of Blood     Necr           0%         N/A       73%         2
 Wereblood                Tmut           0%         N/A       73%         2
 Confusing Touch          Hex            0%         N/A       91%         3
 Conjure Flame            Conj/Fire      0%         6-21      91%         3
 Ignite Poison            Fire/Tmut/Pois 0%         N/A       91%         3
 Stone Arrow              Conj/Erth      0%         3d7       91%         3
 Flame Wave               Conj/Fire      0%         2d4       100%        4
 Sticky Flame             Conj/Fire      0%         2d3       100%        4
 Iskenderun's Battlesphe  Conj           0%         2d6       100%        5
 Yara's Violent Unravell  Hex/Tmut       0%         3d3       100%        5
 Iron Shot                Conj/Erth      0%         9d1       100%        6
 Summon Cactus Giant      Summ           0%         N/A       100%        6
 Enfeeble                 Hex            0%         N/A       100%        7
 Spellforged Servitor     Conj/Summ      0%         N/A       100%        7
 Summon Hydra             Summ           0%         N/A       100%        7
 Borgnjor's Revivificati  Necr           0%         N/A       100%        8
 Necromutation            Tmut/Necr      0%         N/A       100%        8
 Death's Door             Necr           0%         N/A       100%        9


Dungeon Overview and Level Annotations

Branches:
Dungeon (11/15)            Temple (0/1) D:4            Lair (5/5) D:9
 Shoals (0/4) Lair:3        Snake (0/4) Lair:2        Slime (0/5) Lair:4
 Bailey (visited)
    Orc: D:9-12

Altars:
Elyvilon
Fedhas
Gozag
Makhleb
Nemelex Xobeh
Okawaru
Qazlal
Ru
Sif Muna
Trog
Yredelemnul
Zin
The Shining One

Shops:
D:1 [   D:2 !   D:7 *   D:9 *

Annotations:
D:4 14 exclusions
D:7 3 exclusions
D:10 exclusion: obsidian statue
D:11 3 runed translucent doors
Lair:5 2 exclusions


Innate Abilities, Weirdness & Mutations

((You are very nimble when in or above water. (Stealth+, EV+, Speed+++)))
Your lower body shifts to a powerful aquatic tail in water.


Message History

The manticore is almost dead.
You carefully extract the barbed spikes from your body.
You hit the manticore but do no damage.
The manticore is almost dead.
The manticore bites you!
* * * LOW HITPOINT WARNING * * *
The manticore barely misses you. The manticore misses you.
You hit the manticore.
The manticore is almost dead.
The manticore completely misses you. The manticore closely misses you.
The manticore claws you.
* * * LOW HITPOINT WARNING * * *
You barely miss the manticore.
The manticore is almost dead.
You hit the manticore.
The manticore is almost dead.
You block the manticore's attack. The manticore closely misses you. x2
You hit the manticore.
The manticore is almost dead.
You hit the manticore.
You kill the manticore!
You draw a card...
You have drawn the Dance.
The satyr hits you but does no damage.
You hit the satyr.
The satyr is lightly wounded.
The satyr closely misses you.
Your -1 hand axe hits the satyr!
You puncture the satyr!
The satyr is moderately wounded.
The satyr closely misses you.
You puncture the satyr!
The satyr is moderately wounded.
The satyr changes into a bunyip!
Your -1 hand axe hits the bunyip!
You puncture the bunyip!
The bunyip is moderately wounded.
Your -1 hand axe hits the bunyip!
You hit the bunyip but do no damage.
The bunyip is moderately wounded.
The bunyip closely misses you. The bunyip claws you!!
You die...
Your body glows with a rainbow of weird colours and disappears.

#.#.....# .# #. .#
##°###.### .○.#~≈~≈
.....# ###....#
###### #.~....##.#
#....#
#######x().)....#
#.##.#
#.))((@.)###......
####.##.###.#####.≈#
..... ............#
#)~# B~≈~
####..#.###.# #.~#
~8≈ #..#.# #.# ..~.
≈≈ #..#.# #.# ###~..
# #....# #.. .~###
#.##.# #.# #≈#
#.##.# #.# #≈#


You could see a bunyip shaped shifter (ally target) and a friendly -1 hand axe
(summoned).

Vanquished Creatures
  Kirke (Lair:4)
  2 ogre magi (D:10)
  5 hydras
  2 boulder beetles
  A catoblepas (Lair:4)
  8 two-headed ogres
  3 death yaks
  2 centaur warriors
  Erica (D:11)
  A tengu warrior (D:10)
  Urug (Lair:4)
  A swamp dragon (D:10)
  An orc knight (D:10)
  Pikel (D:8)
  A deep elf pyromancer (D:10)
  A salamander (D:10)
  An ugly thing (D:11)
  4 cyclopes (D:11)
  A manticore (D:11)
  12 elephants
  2 black mambas (Lair:3)
  A gargoyle (D:10)
  10 cane toads
  4 komodo dragons
  3 rime drakes
  An unseen horror (D:11)
  2 kobold demonologists (D:10)
  2 freezing wraiths (D:10)
  2 polar bears
  A meliai (D:10)
  4 trolls
  15 blink frogs
  A hornet (D:8)
  A snapping turtle (Lair:3)
  A vampire (D:11)
  A wraith (D:11)
  2 wyverns
  6 shadows
  40 yaks
  3 basilisks
  2 vampire mosquitoes
  Grum (Bailey)
  A swamp worm (Lair:4)
  4 steam dragons
  Menkaure (D:7)
  An acid dragon (D:11)
  8 water moccasins
  4 black bears
  2 sky beasts (D:7)
  8 orc warriors
  6 wolves (Bailey)
  3 ogres
  11 centaurs
  4 lemures (D:8)
  A phantom (D:7)
  A necrophage (D:6)
  12 gnoll sergeants
  14 bullfrogs
  2 scorpions
  10 wights
  4 killer bees (D:10)
  11 howler monkeys
  8 hounds
  4 jellies
  4 orc priests
  7 gnoll boudas
  5 iguanas
  10 orc wizards
  4 hell rats (Lair:2)
  A mummy (D:4)
  27 gnolls
  6 adders
  A shadow imp (D:8)
  A white imp (D:7)
  An ufetubus (D:5)
  4 worms
  2 dart slugs
  33 orcs
  4 bats
  2 endoplasms
  5 giant cockroaches
  5 goblins
  4 hobgoblins
  8 jackals
  4 quokkas
  7 ball pythons
  4 frilled lizards
  13 kobolds
  5 rats
442 creatures vanquished.

Vanquished Creatures (collateral kills)
  A hydra (Lair:4)
  A catoblepas (D:11)
  2 death yaks (Lair:5)
  An ugly thing (D:11)
  A basilisk (Lair:1)
  7 hogs (Lair:4)
  An acid dragon (D:10)
  A centaur (D:11)
  2 gnolls (D:4)
17 creatures vanquished.

Vanquished Creatures (others)
  A death yak (Lair:5)
  A kobold brigand (D:11)
  47 fungi
  51 plants
100 creatures vanquished.

Grand Total: 559 creatures vanquished

Notes
Turn   | Place    | Note
-------+----------+-------------------------------------------
     0 | D:1      | Jase the Merfolk Gladiator began the quest for the Orb.
     0 | D:1      | Reached XP level 1. HP: 16/16 MP: 1/1
    94 | D:1      | Reached XP level 2. HP: 23/23 MP: 2/2
   278 | D:1      | Found Myral's Armour Shop.
   453 | D:1      | Reached XP level 3. HP: 28/28 MP: 3/3
   785 | D:1      | Found a faded altar of an unknown god.
   794 | D:1      | Prayed at the altar of an unknown god.
   794 | D:1      | Became a worshipper of Nemelex Xobeh the Trickster
   794 | D:1      | Reached * piety under Nemelex Xobeh
   794 | D:1      | Received a gift from Nemelex Xobeh
  1255 | D:2      | Found Xiujapih's Distillery.
  1320 | D:2      | Bought a potion of attraction for 42 gold pieces
  1561 | D:2      | Reached ** piety under Nemelex Xobeh
  1598 | D:2      | Reached XP level 4. HP: 35/35 MP: 4/4
  2171 | D:3      | Reached skill level 5 in Polearms
  2171 | D:3      | Reached skill level 1 in Invocations
  2965 | D:3      | Noticed Terence
  2968 | D:3      | Noticed Terence
  2968 | D:3      | Terence changed into Terence the frilled lizard
  2971 | D:3      | Killed Terence the frilled lizard
  2981 | D:3      | Reached *** piety under Nemelex Xobeh
  2997 | D:3      | Reached skill level 5 in Dodging
  3330 | D:4      | Found a staircase to the Ecumenical Temple.
  3358 | D:4      | Reached XP level 5. HP: 29/41 MP: 6/6
  3376 | D:4      | Received a gift from Nemelex Xobeh
  3682 | D:4      | Found a white marble altar of Elyvilon.
  3712 | D:4      | Found a blossoming altar of Fedhas.
  3753 | D:4      | Found an opulent altar of Gozag.
  4002 | D:4      | Reached XP level 6. HP: 43/48 MP: 7/7
  4148 | D:4      | Reached skill level 6 in Polearms
  4645 | D:4      | Received a gift from Nemelex Xobeh
  5043 | D:5      | Entered Level 5 of the Dungeon
  5043 | D:5      | Found a glowing golden altar of the Shining One.
  5180 | D:5      | Reached **** piety under Nemelex Xobeh
  5208 | D:5      | Found a burning altar of Makhleb.
  5254 | D:5      | Received a gift from Nemelex Xobeh
  5305 | D:5      | Reached XP level 7. HP: 54/54 MP: 9/9
  5786 | D:5      | Reached skill level 7 in Polearms
  6338 | D:6      | Reached XP level 8. HP: 60/60 MP: 11/11
  6343 | D:6      | Received a gift from Nemelex Xobeh
  6460 | D:6      | Found a glowing silver altar of Zin.
  6499 | D:6      | Reached skill level 5 in Invocations
  6840 | D:6      | Found a shimmering blue altar of Sif Muna.
  6914 | D:6      | Reached skill level 8 in Polearms
  6983 | D:6      | Identified the +2 leather armour "Doexziof" {SInv}
  7247 | D:7      | Found a flagged portal.
  7262 | Bailey   | Entered a bailey
  7607 | Bailey   | Reached skill level 9 in Polearms
  7710 | Bailey   | Reached XP level 9. HP: 54/65 MP: 13/13
  8083 | Bailey   | Noticed Grum
  8664 | Bailey   | Killed Grum
  8665 | Bailey   | Reached skill level 10 in Polearms
  8665 | Bailey   | Reached skill level 10 in Dodging
  9025 | D:7      | Noticed Menkaure
  9038 | D:7      | Killed Menkaure
  9179 | D:7      | Received a gift from Nemelex Xobeh
  9252 | D:7      | Reached skill level 11 in Polearms
  9396 | D:6      | Reached XP level 10. HP: 71/71 MP: 16/16
  9706 | D:7      | Received a gift from Nemelex Xobeh
 10057 | D:7      | Found Lubo's General Store.
 10065 | D:7      | Bought 6 boomerangs for 36 gold pieces
 10065 | D:7      | Bought a potion of degeneration for 12 gold pieces
 10065 | D:7      | Bought a scroll of enchant weapon for 90 gold pieces
 10390 | D:8      | Reached skill level 5 in Fighting
 10425 | D:8      | Reached ***** piety under Nemelex Xobeh
 10712 | D:8      | Reached skill level 12 in Polearms
 10744 | D:8      | Found a sacrificial altar of Ru.
 11062 | D:8      | Found a sparkling altar of Nemelex Xobeh.
 11161 | D:8      | Found an iron altar of Okawaru.
 11393 | D:8      | Received a gift from Nemelex Xobeh
 11394 | D:8      | Found a stormy altar of Qazlal.
 11617 | D:8      | Noticed Pikel
 11617 | D:8      | Noticed a centaur warrior
 11647 | D:8      | Killed a centaur warrior
 11648 | D:8      | Reached skill level 10 in Invocations
 11912 | D:8      | Killed Pikel
 11913 | D:8      | Reached skill level 13 in Polearms
 12154 | D:9      | Found a bloodstained altar of Trog.
 12183 | D:9      | Reached XP level 11. HP: 80/81 MP: 18/18
 12460 | D:9      | Found Raf Faat's Demolitions Depot.
 13092 | D:9      | Reached skill level 14 in Polearms
 13285 | D:9      | Received a gift from Nemelex Xobeh
 13632 | D:9      | Found a staircase to the Lair.
 13734 | D:10     | Entered Level 10 of the Dungeon
 13755 | D:10     | Noticed an obsidian statue
 13792 | D:10     | Noticed an orc knight
 13812 | D:10     | Killed an orc knight
 13830 | D:10     | Noticed a boulder beetle
 13885 | D:10     | Killed a boulder beetle
 13886 | D:10     | Reached skill level 15 in Polearms
 13924 | D:10     | Noticed a cyclops
 13931 | D:10     | Noticed a salamander
 13931 | D:10     | a cyclops changed into a salamander
 13948 | D:10     | Killed a salamander
 13963 | D:10     | Noticed a swamp dragon
 14186 | Lair:1   | Entered Level 1 of the Lair of Beasts
 14204 | Lair:1   | Noticed a five-headed hydra
 14215 | Lair:1   | Killed a five-headed hydra
 14216 | Lair:1   | Reached XP level 12. HP: 91/91 MP: 21/21
 14332 | Lair:1   | Reached skill level 16 in Polearms
 15377 | Lair:1   | Received a gift from Nemelex Xobeh
 16270 | Lair:2   | Received a gift from Nemelex Xobeh
 16353 | Lair:2   | Identified the +1 robe "Poel Pogh" {Harm rC+ MP-9 SInv}
 16437 | Lair:2   | Identified the +3 leather armour of Wonoroj {Rampage}
 16497 | Lair:2   | Reached skill level 17 in Polearms
 16695 | Lair:2   | Received a gift from Nemelex Xobeh
 16699 | Lair:2   | Found a staircase to the Snake Pit.
 17601 | Lair:3   | Received a gift from Nemelex Xobeh
 17648 | Lair:3   | Found a white marble altar of Elyvilon.
 17648 | Lair:3   | Noticed an eight-headed hydra
 17676 | Lair:3   | Killed an eight-headed hydra
 17677 | Lair:3   | Reached XP level 13. HP: 98/98 MP: 23/23
 17964 | Lair:3   | Reached ****** piety under Nemelex Xobeh
 18370 | Lair:3   | Reached skill level 18 in Polearms
 18622 | Lair:3   | Found a staircase to the Shoals.
 18715 | Lair:3   | You fall into a shaft and drop 2 floors!
 18715 | Lair:5   | Entered Level 5 of the Lair of Beasts
 19174 | Lair:5   | Received a gift from Nemelex Xobeh
 19522 | Lair:4   | Noticed a storm dragon
 19522 | Lair:4   | a death yak changed into a storm dragon
 19526 | Lair:4   | Reached skill level 19 in Polearms
 19527 | Lair:4   | a storm dragon changed into a swamp worm
 19594 | Lair:4   | Noticed Kirke
 19597 | Lair:4   | Reached skill level 15 in Invocations
 19614 | Lair:4   | Killed Kirke
 19782 | Lair:4   | Received a gift from Nemelex Xobeh
 20084 | Lair:4   | Found a staircase to the Slime Pits.
 20596 | Lair:4   | Noticed Urug
 20619 | Lair:4   | Killed Urug
 20620 | Lair:4   | Reached skill level 20 in Polearms
 20892 | Lair:4   | Received a gift from Nemelex Xobeh
 21056 | Lair:4   | Reached XP level 14. HP: 105/105 MP: 25/25
 21688 | Lair:4   | Found a basalt altar of Yredelemnul.
 21796 | Lair:4   | Received a gift from Nemelex Xobeh
 22907 | D:10     | Identified the +7 falchion of Naque {venom, Fly}
 24187 | D:10     | Received a gift from Nemelex Xobeh
 24527 | D:11     | Found a runed translucent gate.
 24528 | D:11     | Found a runed translucent gate.
 24528 | D:11     | Found a runed translucent gate.
 25433 | D:11     | Noticed Erica
 25437 | D:11     | Killed Erica
 25689 | D:11     | Slain by a bunyip (shapeshifter)

Illustrated notes

Levels and vault maps discovered:
D:1:      arrival_zaba_pyramid, layout_basic, serial_shops, nicolae_square_shop,
          chequers_ecumenical_altar_simple, serial_rivers,
          chequers_serial_rivers_micro_b, chequers_serial_rivers_marsh,
          chequers_serial_rivers_marsh, chequers_serial_rivers_small_3,
          chequers_serial_rivers_micro_a, chequers_serial_rivers_micro_e
D:2:      layout_basic, serial_shops, shop, serial_rivers,
          chequers_serial_rivers_marsh, chequers_serial_rivers_room_b,
          chequers_serial_rivers_micro_d, chequers_serial_rivers_small_a,
          hex_large, kennysheep_generic_room_16
D:3:      layout_loops_corners, uniq_terence
D:4:      layout_layer_cave, kennysheep_little_box, mainiacjoe_overflow_catwalk,
          lemuel_tele_altar, minmay_temple_entry_glass,
          gup_ossuary_entry_pyramid
D:5:      layout_loops_ring, overflow_temple_1_default,
          mainiacjoe_overflow_alcove_2, serial_bayou_pond_d
D:6:      minmay_inner_zag, layout_rooms, mainiacjoe_overflow_brackets,
          mainiacjoe_overflow_chevrons
D:7:      minmay_s_stair_smasher, layout_gridville, enter_bailey_2,
          serial_shops, nicolae_shop_statue_plus, minmay_curled_crystal,
          uniq_menkaure
D:8:      minmay_chambers_of_fours, layout_rooms, okawaru_metal_pillars_1_2,
          mainiacjoe_overflow_alcove_1, marbit_many_paths,
          mainiacjoe_overflow_tiny_flanked, uniq_pikel
D:9:      minmay_spotlight, layout_irregular_city, lemuel_round_altar,
          grunt_lair_entry_orc_guard_hut, skrybe_limestone_x, minivault_21,
          nicolae_blasting_shop, chequers_decorated_corner
D:10:     minmay_the_grid_3x3 [minmay_the_grid_zigzag_pyramid,
          minmay_the_grid_dragon_b, minmay_the_grid_mess,
          minmay_the_grid_plusring, minmay_the_grid_gridbox,
          minmay_the_grid_broken_lines, minmay_the_grid_expand,
          minmay_the_grid_outer_circle, minmay_the_grid_prize_four_corners],
          layout_rooms, minivault_15
D:11:     cheibrodos_ideogram_h, layout_loops_corners,
          ploomutoo_gammafunk_ghost_potion_laboratory, uniq_erica
Lair:1:   layout_roguey, serial_bayou_shore_b
Lair:2:   layout_regular_city, guppyfry_snake_entry_island
Lair:3:   layout_loops_ring, minmay_shoals_entry_hut, basic_altar,
          chequers_serial_rivers_room_b, infiniplex_staircase_pool,
          lemuel_fruit_fields
Lair:4:   layout_cave_pods, slime_entry_1, lemuel_centaur_altar,
          serial_bayou_shore_b, uniq_kirke, uniq_urug
Lair:5:   hellmonk_lair_end_abyssal_woods, layout_regular_city,
          nicolae_lair_lindhole

Skill      XL: |  1  2  3  4  5  6  7  8  9 10 11 12 13 14 |
---------------+-------------------------------------------+-----
Fighting       | 3 4 6 7 8 9 |  9.9
Polearms       | 5 6 7 9 11 13 15 17 20 | 20.7
Invocations    | 1 2 3 4 6 8 10 12 14 15 16 | 16.3
Dodging        | 5 6 7 9 10 11 12 13 | 13.7
Throwing       | |  2.0

Action                   |  1- 3 |  4- 6 |  7- 9 | 10-12 | 13-15 || total
-------------------------+-------+-------+-------+-------+-------++-------
Melee: Trident           |   140 |   247 |   513 |  1311 |   915 ||  3126
       Punch             |     2 |       |     1 |    17 |    15 ||    35
       Tailslap          |     2 |       |    10 |     6 |     8 ||    26
       Spear             |       |       |    63 |       |       ||    63
       Glaive            |       |       |       |       |    22 ||    22
Throw: Boomerang         |       |       |       |     4 |    11 ||    15
Invok: Draw Destruction  |       |     3 |    10 |    23 |    27 ||    63
       Draw Escape       |       |     1 |       |     1 |     3 ||     5
       Draw Summoning    |       |     1 |       |     2 |     5 ||     8
       Deal Four         |       |       |       |       |     2 ||     2
  Use: Scroll            |       |     6 |     5 |     8 |     7 ||    26
 Stab: Sleeping          |     3 |     4 |       |       |       ||     7
       Distracted        |       |       |       |     1 |     1 ||     2
Armor: Leather armour    |    13 |    31 |       |       |       ||    44
       Ring mail         |       |     1 |    37 |   178 |   126 ||   342
Dodge: Dodged            |    49 |   136 |   315 |   572 |   484 ||  1556
Block: Other             |       |    18 |    77 |   154 |   129 ||   378
       Reflection        |       |       |     2 |     7 |    10 ||    19
